Cogmind - Beta 13 @@@ ROGUE MODE // 2024.04.22 @ 09:52:44 Player: ThatBishHoly Result: Destroyed by G-47 Trooper with Particle Gun Performance ------------- Evolutions (2) 1000 Regions Visited (5) 1000 Robots Destroyed (33) 165 Value Destroyed (878) 878 Prototype IDs (1) 20 Alien Tech Used (0) 0 Bonus (21) 21 TOTAL SCORE: 3084 Bonus ------- Follower Combat Kills 21 Cogmind --------- Core Integrity 0/550 Matter 141/300 Energy 64/100 System Corruption 10% Temperature Cool (9) Movement Rolling (100) Location -8/Materials Parts ------- > --- POWER (2) -------- (None) > --- PROPULSION (4) --- Compact Wheel Compact Wheel Compact Wheel > --- UTILITY (2) ------ (None) > --- WEAPON (3) ------- (None) > --- INVENTORY (5) ---- Light Angular Momentum Engine Improved Light Cannon Peak State ------------ > --- POWER ------------ Light Nuclear Core Light Angular Momentum Engine > --- PROPULSION ------- Light Treads Advanced Treads Carbon-fiber Leg > --- UTILITY ---------- Reactive Plating Reactive Plating > --- WEAPON ----------- Precision Beam Rifle Precision Beam Rifle Heavy Particle Cannon > --- INVENTORY -------- EMP Blaster [Rating: 32] Favorites ----------- Power Light Nuclear Core Engine Light Angular Momentum Engine Power Core Light Nuclear Core Propulsion Aluminum Leg Treads Advanced Treads Leg Aluminum Leg Wheel Wheel Flight Unit Flight Unit Utility Reactive Plating Device Improved Heat Sink Processor Machine Analyzer Protection Reactive Plating Weapon Heavy Particle Cannon Energy Gun Precision Beam Rifle Energy Cannon Heavy Particle Cannon Ballistic Gun Light Assault Rifle Launcher Rocket Launcher Special Weapon Enhanced Flamer Special Melee Weapon Datajack Build | -11 -10 -10 -9 -9 -8 ------- Run | Yrd Mat Min Mat Min Mat Slots Evolved 4 | . . . 2 . 2 Power 1 | . . . 1 . . Propulsion 2 | . . . . . 2 Utility . | . . . . . . Weapon 1 | . . . 1 . . Parts Attached 44 | 5 6 15 8 . 10 Power 8 | 1 1 3 1 . 2 Engine 4 | 1 1 1 . . 1 Core 4 | . . 2 1 . 1 Reactor . | . . . . . . Propulsion 16 | 2 2 4 2 . 6 Treads 3 | . . 1 2 . . Leg 6 | . . 3 . . 3 Wheel 5 | 2 . . . . 3 Hover . | . . . . . . Flight 2 | . 2 . . . . Utility 6 | . 1 3 2 . . Device 3 | . 1 2 . . . Storage . | . . . . . . Processor 1 | . . 1 . . . Hackware . | . . . . . . Protection 2 | . . . 2 . . Artifact . | . . . . . . Weapon 14 | 2 2 5 3 . 2 Energy Gun 6 | 1 1 1 2 . 1 Energy Cannon 1 | . . 1 . . . Ballistic Gun 2 | 1 . 1 . . . Ballistic Cannon . | . . . . . . Launcher 2 | . . 1 . . 1 Special Weapon 2 | . . 1 1 . . Impact Weapon . | . . . . . . Slashing Weapon . | . . . . . . Piercing Weapon . | . . . . . . Special Melee Weapon 1 | . 1 . . . . Unidentified Prototypes 1 | . . . 1 . . Corrupted Parts 2 | . . . . . 2 System Corruption 10 | . . . . . 10 Parts Lost 20 | . 2 2 3 1 12 Power 4 | . 1 . . 1 2 Propulsion 6 | . 1 2 . . 3 Utility 4 | . . . 2 . 2 Weapon 6 | . . . 1 . 5 Highest Loss Streak 12 | . 1 2 2 1 12 To Critical Strikes . | . . . . . . Average Slot Usage (%) 85 | . 73 98 90 88 65 Engine 7 | . 13 6 11 . 5 Core 6 | . . 7 11 11 6 Treads 5 | . . 2 4 22 11 Leg 12 | . . 23 17 . 4 Wheel 4 | . 23 . . . . Flight 1 | . 3 . . . . Device 10 | . 6 22 6 . . Processor 3 | . . 5 7 . . Protection 5 | . . . 4 22 15 Energy Gun 9 | . 10 4 5 22 14 Energy Cannon 6 | . . 7 11 11 7 Ballistic Gun 7 | . 14 10 8 . . Launcher 1 | . . 3 . . . Special Weapon 1 | . . 2 2 . . Naked Turns 21 | . . . . . 21 Heaviest Build 44 | 7 10 19 44 35 44 Greatest Support 48 | 20 20 25 42 42 48 Greatest Overweight (x) 3 | . 1 3 2 . 2 Average Overweight (x) . | . . . . . . Largest Inventory Capacity 5 | 5 5 5 5 5 5 Average Capacity 5 | 5 5 5 5 5 5 Most Carried 5 | 5 5 5 4 1 4 Average Carried 1 | . 2 2 1 . . Final Capacity 5 | 5 5 5 5 5 5 Final Carried 3 | . 1 3 . 1 2 Class Distribution -------------------- 45% | Mutant 27% | Tank 24% | Scavenger-Mutant Dominant Class ---------------- Mutant | -10/Materials Scavenger-Mutant | -10/Mines Scavenger-Mutant | -9/Materials Tank | -9/Mines Tank | -8/Materials Resources | -11 -10 -10 -9 -9 -8 ----------- Run | Yrd Mat Min Mat Min Mat Matter Collected 820 | 242 78 203 126 41 130 Remotely . | . . . . . . Salvage Created 1108 | . 189 280 203 120 316 Parts 73 | . 13 17 14 9 20 Haulers Intercepted . | . . . . . . Recyclers Shooed 2 | . 2 . . . . Parts Field Recycled . | . . . . . . Retrieved Matter . | . . . . . . Parts Self-Destructed . | . . . . . . Prevented . | . . . . . . Kills | -11 -10 -10 -9 -9 -8 ------- Run | Yrd Mat Min Mat Min Mat Combat Hostiles Destroyed 30 | . 7 9 4 3 7 Guns 17 | . 7 5 1 1 3 Cannons 10 | . . 2 3 2 3 AOE 3 | . . 2 . . 1 Classes Destroyed 6 | . 2 2 2 . . Worker 1 | . . 1 . . . Builder 1 | . . . 1 . . Recycler 1 | . . 1 . . . Swarmer 13 | . 5 6 . . 2 Grunt 13 | . 2 3 1 3 4 Sentry 4 | . . . 3 . 1 Best Kill Streak 4 | . 3 4 3 3 4 Combat Bots Only 4 | . 3 3 2 3 4 Max Kills in Single Turn 2 | . 1 2 1 1 1 Gunslinging . | . . . . . . Exploded 2 | . . 2 . . 1 Melee . | . . . . . . Uniques/NPCs Destroyed . | . . . . . . Combat | -11 -10 -10 -9 -9 -8 -------- Run | Yrd Mat Min Mat Min Mat Hostile Shots Fired 194 | . 35 36 27 6 90 Missed 52 | . 13 11 5 1 22 Damage Taken 2370 | 4 376 297 321 113 1259 Core 967 | . 173 68 108 60 558 Absorbed by Shields . | . . . . . . Ignored by Resistances 32 | . . . . . 32 Core Remaining (%) 53 | 100 . 3 . 58 . Volleys Fired 87 | . 29 20 15 3 20 Largest 3 | . 2 2 2 3 3 Hottest 197 | . 85 113 100 197 197 Shots Fired 166 | . 41 40 30 9 46 Gun 113 | . 41 23 15 6 28 Cannon 42 | . . 11 15 3 13 Launcher 8 | . . 3 . . 5 Special 3 | . . 3 . . . Kinetic 61 | . 29 17 15 . . Thermal 97 | . 12 20 15 9 41 Explosive 3 | . . 3 . . . Electromagnetic 5 | . . . . . 5 Robot Hit Streak 10 | . 9 7 3 9 10 Robot Miss Streak 7 | . 3 7 5 . 3 Penetration Max . | . . . . . . Secondary Targets 2 | . 1 1 . . . Max Gunslinging Chain 1 | . 1 1 . . . Shots Hit Robots 90 | . 23 21 14 8 24 Core Hits 57 | . 14 16 7 4 16 Critical Kills . | . . . . . . Critical Parts Destroyed . | . . . . . . Critical Strikes 2 | . . . . 1 1 Burn 2 | . . . . 1 1 Melee Attacks . | . . . . . . Impact . | . . . . . . Slashing . | . . . . . . Piercing . | . . . . . . Sneak Attacks . | . . . . . . Combat Hostiles . | . . . . . . Follow-up Attacks . | . . . . . . Damage Inflicted 1781 | 9 276 443 330 155 568 Guns 1039 | . 255 188 205 105 286 Cannons 375 | . . 75 125 50 125 Explosions 323 | . . 168 . . 155 Melee . | . . . . . . Ramming 34 | 9 21 2 . . 2 Kinetic 480 | . 124 151 205 . . Thermal 1024 | . 131 122 125 155 491 Explosive 168 | . . 168 . . . Electromagnetic 75 | . . . . . 75 Impact . | . . . . . . Slashing . | . . . . . . Piercing . | . . . . . . Highest Corruption 10 | . 2 2 . . 10 Average Corruption 2 | . 2 2 . . 8 Corruption Purged . | . . . . . . Corruption Blocked . | . . . . . . Effects 19 | . 4 14 . . 1 Message Errors 3 | . . 3 . . . Matter Fused 5 | . . 4 . . 1 Heat Flow Errors 2 | . 1 1 . . . Energy Discharges 1 | . . 1 . . . Data Loss (minor) 2 | . . 2 . . . Data Loss (major) 2 | . 1 1 . . . Misfires 2 | . 1 1 . . . Alerts 1 | . 1 . . . . Weapon Failures 1 | . . 1 . . . Overload Shots . | . . . . . . Overflow Damage 17 | . . 17 . . . Projectiles 17 | . . 17 . . . Explosions . | . . . . . . Melee . | . . . . . . Knockbacks . | . . . . . . Impact . | . . . . . . Kinetic . | . . . . . . Secondary . | . . . . . . Self-Inflicted Damage 95 | 4 21 70 . . . Shots 2 | . . 2 . . . Rammed 2 | 1 . 1 . . . Targets Rammed 4 | 1 . 2 . . 1 Kicked 2 | . . 1 . . 1 Crushed . | . . . . . . Highest Temperature 672 | . 196 310 523 505 672 Average Temperature 215 | . 51 103 156 255 318 Received Heat Transfer 852 | . 90 48 135 30 549 Effects 57 | . . 1 5 4 47 Shutdowns 15 | . . . 2 . 13 Energy Bleed 5 | . . 1 . 1 3 Interference 3 | . . . 1 . 2 Matter Decay 5 | . . . . . 5 Short Circuit 4 | . . . 1 1 2 Damage (minor) 4 | . . . 1 1 2 Damage (major) 17 | . . . . . 17 Damage (core) 4 | . . . . 1 3 Siege Activations . | . . . . . . Robots Corrupted . | . . . . . . Combat Hostiles . | . . . . . . Parts Fried . | . . . . . . Impact Corruptions . | . . . . . . Robots Melted . | . . . . . . Combat Hostiles . | . . . . . . Parts Melted 3 | . . . . 1 2 Heat Transferred 2218 | . 323 302 185 370 1038 Parts Sabotaged . | . . . . . . Parts Stolen . | . . . . . . Parts Stripped . | . . . . . . Power Chain Reactions 3 | . . . . . 3 Alert | -11 -10 -10 -9 -9 -8 ------- Run | Yrd Mat Min Mat Min Mat Peak Influence 271 | . 185 201 175 128 271 Initial 72 | . . 72 40 67 49 Average 111 | . 61 108 112 126 189 Maximum Alert Level 1 | . . 1 . . 1 Low Security (%) 81 | 100 100 78 100 100 36 Level 1 18 | . . 21 . . 63 Level 2 . | . . . . . . Level 3 . | . . . . . . Level 4 . | . . . . . . Level 5 . | . . . . . . High Security . | . . . . . . Max Security . | . . . . . . Squads Dispatched 3 | . . 1 1 . 1 Investigation 2 | . . 1 . . 1 Extermination . | . . . . . . Reinforcement 1 | . . . 1 . . Assault . | . . . . . . Garrison . | . . . . . . Intercept . | . . . . . . Searches Triggered . | . . . . . . Construction Impeded . | . . . . . . Haulers Reinforced . | . . . . . . Active Scanning Responses . | . . . . . . Cargo Convoy Interrupts . | . . . . . . Stealth | -11 -10 -10 -9 -9 -8 --------- Run | Yrd Mat Min Mat Min Mat Distress Signals 3 | . 2 . . . 1 Communications Jammed . | . . . . . . Distress Signals . | . . . . . . Times Spotted 46 | . 11 9 5 2 19 Peak Tracking Total 4 | . 4 3 2 2 4 Tactical Retreats 2 | . . . . . 2 Traps | -11 -10 -10 -9 -9 -8 ------- Run | Yrd Mat Min Mat Min Mat Traps Triggered 1 | . 1 . . . . Indirectly . | . . . . . . Trap Hack Attempts . | . . . . . . Triggered . | . . . . . . Disarmed . | . . . . . . Reprogrammed . | . . . . . . Reused . | . . . . . . Traps Extracted . | . . . . . . Installed . | . . . . . . Triggered . | . . . . . . Machines | -11 -10 -10 -9 -9 -8 ---------- Run | Yrd Mat Min Mat Min Mat Machines Disabled 2 | . 1 . . . 1 Max in Single Turn 1 | . 1 . . . . Machines Repaired . | . . . . . . Machines Dismantled . | . . . . . . Machines Sabotaged . | . . . . . . Overloaded Fab Kills . | . . . . . . Hacking | -11 -10 -10 -9 -9 -8 --------- Run | Yrd Mat Min Mat Min Mat Machines Accessed 4 | . 1 1 1 . 1 Terminals 1 | . . . 1 . . Fabricators . | . . . . . . Repair Stations 1 | . . . . . 1 Recycling Units 1 | . 1 . . . . Scanalyzers . | . . . . . . Garrison Access . | . . . . . . Total Hacks 10 | . 2 1 3 . 4 Successful 5 | . 2 1 1 . 1 Failed 5 | . . . 2 . 3 Catastrophic 1 | . . . 1 . . Database Lockouts . | . . . . . . Manual . | . . . . . . Terminals 3 | . . . 3 . . Fabricators . | . . . . . . Repair Stations 4 | . . . . . 4 Recycling Units 2 | . 2 . . . . Scanalyzers . | . . . . . . Garrison Access . | . . . . . . Terminal Hacks 2 | . . 1 1 . . Record 1 | . . . 1 . . Open Door 1 | . . 1 . . . Fabricator Hacks . | . . . . . . Repair Station Hacks 1 | . . . . . 1 Scan Component 1 | . . . . . 1 Recycling Unit Hacks 2 | . 2 . . . . Report Inventory 1 | . 1 . . . . Retrieve Components 1 | . 1 . . . . Scanalyzer . | . . . . . . Garrison Access Hacks . | . . . . . . Unauthorized Hacks . | . . . . . . Terminals . | . . . . . . Fabricators . | . . . . . . Repair Stations . | . . . . . . Recycling Units . | . . . . . . Scanalyzers . | . . . . . . Garrison Access . | . . . . . . Data Cores Recovered . | . . . . . . Used . | . . . . . . Hacking Detections 2 | . . . 1 . 1 Full Trace Events 2 | . . . 1 . 1 Feedback Events . | . . . . . . Feedback Blocked . | . . . . . . Robot Schematics Acquired . | . . . . . . Robots Built . | . . . . . . Authchips . | . . . . . . Time . | . . . . . . Total Robot Build Rating . | . . . . . . Part Schematics Acquired . | . . . . . . Parts Built . | . . . . . . Authchips . | . . . . . . Time . | . . . . . . Total Part Build Rating . | . . . . . . Parts Repaired . | . . . . . . Time . | . . . . . . Parts Recycled . | . . . . . . Recycled Matter . | . . . . . . Retrieved Matter . | . . . . . . Retrieved Components . | . . . . . . Parts Scanalyzed . | . . . . . . Part Schematics Acquired . | . . . . . . Parts Damaged . | . . . . . . Bothacking | -11 -10 -10 -9 -9 -8 ------------ Run | Yrd Mat Min Mat Min Mat Used RIF Installer . | . . . . . . Robots Hacked . | . . . . . . Non-combat . | . . . . . . Combat . | . . . . . . Robot Hacks Applied . | . . . . . . Relay Couplers Released . | . . . . . . Fabnet Peak Effective % . | . . . . . . Robots Rewired . | . . . . . . Allies Hacked . | . . . . . . Hacks Repelled . | . . . . . . Allies | -11 -10 -10 -9 -9 -8 -------- Run | Yrd Mat Min Mat Min Mat Total Allies 2 | . . . . 2 . Largest Group 2 | . . . . 2 2 Highest-Rated Group 43 | . . . . 43 43 Highest-Rated Ally 31 | . . . . 31 31 Total Orders . | . . . . . . Ally Attacks 14 | . . . . . 14 Total Damage 186 | . . . . . 186 Kills 3 | . . . . . 3 Allies Corrupted . | . . . . . . Allies Melted . | . . . . . . Intel | -11 -10 -10 -9 -9 -8 ------- Run | Yrd Mat Min Mat Min Mat Robot Analysis Total . | . . . . . . Derelict Logs Recovered 1 | . . . . 1 . Drone Launches . | . . . . . . Drone Recoveries . | . . . . . . Exploration | -11 -10 -10 -9 -9 -8 ------------- Run | Yrd Mat Min Mat Min Mat Turns Passed 1956 | 63 389 702 280 198 324 Spaces Moved 1322 | 76 361 482 137 124 142 Core 68 | 27 . 6 . . 35 Treads 281 | . . 47 25 124 85 Legs 536 | . . 404 112 . 20 Wheels 361 | 49 310 . . . 2 Hover . | . . . . . . Flight 76 | . 51 25 . . . Fastest Speed 37 | 50 37 37 120 152 50 Average Speed 117 | 69 81 119 161 152 155 Slowest Speed 320 | 80 125 200 260 152 320 Overloaded Moves . | . . . . . . Propulsion Burnouts . | . . . . . . Robots Hopped . | . . . . . . Cave-ins Triggered . | . . . . . . Exploration Rate (%) 28 | 4 40 71 15 25 14 Regions Visited 5 Branch Regions 2 Pre-discovered Areas 1 | . . . . 1 . Known Exits Taken . | . . . . . . Unknown Exits Taken 5 | 1 1 1 1 1 . Scrap Searched 2 | . . 1 . 1 . Spaces Dug . | . . . . . . Terrain Destroyed 68 | . . 35 10 1 22 Melee . | . . . . . . Projectile 25 | . . 8 10 1 6 AOE 43 | . . 27 . . 16 Terrain Rammed 2 | . 2 . . . . Walls Destroyed . | . . . . . . Machines Disabled 1 | . 1 . . . . Actions | -11 -10 -10 -9 -9 -8 --------- Run | Yrd Mat Min Mat Min Mat Total 1571 | 86 420 562 168 127 208 Wait 54 | . 11 21 1 . 21 Move 1317 | 75 360 481 136 123 142 Hop . | . . . . . . Pick Up 43 | 5 7 14 5 1 11 Fast Attach 2 | . 2 . . . . Attach 27 | 5 2 3 8 . 9 Detach . | . . . . . . Swap 15 | . 2 12 . . 1 Drop 20 | . 5 9 3 . 3 Fire 87 | . 29 20 15 3 20 Melee . | . . . . . . Ram 3 | 1 2 . . . . Kick 2 | . . 1 . . 1 Crush 1 | . . 1 . . . Escape Stasis . | . . . . . . Rewire . | . . . . . . Trap . | . . . . . . Miscellaneous . | . . . . . . Route ------- -11/Scrapyard -10/Materials (discovered 3 exits: *Mat / *Min x2) -10/Mines (discovered 2 exits: *Mat / [Sub]) -9/Materials -9/Mines -8/Materials History --------- Turn | Location | Event 4 | -11/Scrapyard | Discovered new exit (range 14) 64 | -11/Scrapyard | Entered Materials 281 | -10/Materials | Discovered new exit (range 4) 306 | -10/Materials | Build established: Mutant 332 | -10/Materials | Discovered new exit (range 5) 364 | -10/Materials | Core integrity fell below 50% 439 | -10/Materials | Discovered new exit (range 16) 453 | -10/Materials | Entered Mines 582 | -10/Mines | Discovered new exit (range 5) 590 | -10/Mines | Received a Rocket Launcher from a helpful Derelict 638 | -10/Mines | Discovered new exit (range 10) 681 | -10/Mines | A weapon hastily lodged in a ceiling crevice suddenly fell to the ground 698 | -10/Mines | Core integrity fell below 20% 760 | -10/Mines | Met a Derelict shopkeep closing up shop 1155 | -10/Mines | Entered Materials 1155 | -9/Materials | Evolved 2 slots: Power x1, Weapon x1 1284 | -9/Materials | Discovered new exit (range 14) 1435 | -9/Materials | Entered Mines 1593 | -9/Mines | Learned location of Zion (-6) 1609 | -9/Mines | Discovered new exit (range 6) 1633 | -9/Mines | Entered Materials 1633 | -8/Materials | Accompanied by 2 allies 1633 | -8/Materials | Evolved 2 slots: Propulsion x2 1638 | -8/Materials | Led the pair of lost Derelicts to an unsafe place 1666 | -8/Materials | Build established: Tank 1801 | -8/Materials | Core integrity fell below 50% 1925 | -8/Materials | Core integrity fell below 20% 1925 | -8/Materials | System corruption reached 10% 1957 | -8/Materials | Destroyed by G-47 Trooper with Particle Gun Last Messages --------------- 01920_ K-01 Serf collects debris. 01920_ Acquired 14 matter. 01921_ Power failure, Lgt. Angular Momentum Engine shutdown. 01921_ Overheating: Energy bleed (-27). 01922_ Broken Carbon-fiber Leg destroyed. 01923_ Acquired Corrupted Aluminum Leg. 01924_ Integrated Corrupted Aluminum Leg (+7). 01925_ K-01 Serf collects debris. 01926_ Overheating: Matter decay (-29). 01926_ Lgt. Angular Momentum Engine destroyed. 01926_ Kicked G-47 Trooper out of the way. 01928_ K-01 Serf collects debris. 01930_ Aluminum Leg destroyed. 01930_ Critical hit (Burn: +37). 01931_ K-01 Serf collects debris. 01934_ Acquired Lgt. Angular Momentum Engine. 01939_ System corrupted: Matter fused (-10). 01947_ Acquired Com. Wheel. 01955_ Acquired Imp. Light Cannon. Map ----- +----------------------------------------------------+ | ?????????????????????????????????????????????????? | | ?????????????????????????????????????????????????? | | ?????????????????????????????????????????????????? | | ?????????????????????????????????????????????????? | | ?????????????????????????????????????????????????? | | ?????????????????????????????????????????????????? | | ?????????????????????????????????????????????????? | | ?????????????????????????????????????????????????? | | ?????????????????????????????????????????????????? | | ?????????????????????????????????????????????????? | | ?????????????????????????????????????????????????? | | ?????????????????????????????????????????????????? | | ?????????????????????????????????????????????????? | | ?????????????????????????????????????????????????? | | ?????????????????????????????????????????????????? | | ?????????????????????????????????????????????????? | | ?????????????????????????????????????????????????? | | ?????????????????????????????????????????????????? | | ?????????????????????????????????????????????????? | | ?????????????????????????????????????????????????? | | ?????????????????????????????????????????????????? | | ?????????????????????????????????????????????????? | | ?????????????????????????????????????????????????? | | ?????????????????????????????????????????????????? | | ?????????????????????###########?????????????????? | | ?????????????????????# @ #?????????????????? | | ?????????????????????# #?????????????????? | | ?????????????????????# #?????????????????? | | ?????????????????????# """ #?????????????????? | | ?????????????????????# """ #?????????????????? | | ?????????????????????# """ #?????????????????? | | ?????????????????????# #?????????????????? | | ?????????????????????# gg #?????????????????? | | ?????????????????????#####/#####?????????????????? | | ????????????########### ################+### | | ??????????? ## """######## # | | ??????????? %== # | | ??????????? %=%! % | | ??????????? [ !# | | ??????????? ###/##### # | | ????????????########### #?# ######### | | ????????????????????######+###### """ #???????? | | ????????????????????# #! """ #???????? | | ????????????????????# # """ #???????? | | ????????????????????# # """ #???????? | | ????????????????????# # """ #???????? | | ????????????????????# # #???????? | | ????????????????????# # #???????? | | ????????????????????# # ????????? | | ????????????????????#####################????????? | +----------------------------------------------------+ Best States ------------- Heat Dissipation 42 Energy Generation 27 Energy Capacity 250 Matter Stores 300 Matter Capacity 300 Sight Range 16 Terrain Scan Density 10 Armor Coverage 300 Resistance: KI 20 Evasion (%) 62 Recoil Reduction 2 Item Schematics ----------------- None Robot Schematics ------------------ None Fabricated ------------ Nothing Alien Tech Used ----------------- None Achievements -------------- None Challenges ------------ None Game ------ Seed RegenerativeLinkedCannon Manual? 0 Play Time 00:30:29 Cumulative 13.9 hours Start 2024.04.22 @ 09:24:33 End 2024.04.22 @ 09:52:44 Sessions 1 Manual Loads 0 Difficulty Rogue Special Mode None Game No. 40 Rogue 40 Adventurer 0 Explorer 0 Win Type - Total 0 Types 0/0/0/0/0/0/0/0/0 Lore% 12 Gallery% 26 Achievement% 21 Wizard Run 0 Options --------- Layout 1 ASCII 0 Keyboard 0 Movement Mouse Keybinds 0 Fullscreen 1 Font 16/SmallcapsGlow Map View 50x40 Zoom Use 0% Tactical HUD 1 Map Filters NONE Filters NONE Steam SD RUN: 57a6869e-c8dd-4567-a520-30873ed093de